 Dungeon Crawl Stone Soup version 0.16.2-12-gd0ad4c3 (webtiles) character file.

34 faibistes the Magician (level 3, -4/19 HPs)
             Began as a Deep Elf Wizard on June 8, 2019.
             Slain by a gnoll
             ... wielding a +0 halberd
              (12 damage)
             ... on level 2 of the Dungeon.
             The game lasted 00:02:33 (1569 turns).

faibistes the Magician (Deep Elf Wizard)            Turns: 1569, Time: 00:02:33

Health: -4/19      AC:  5    Str:  4    XL:     3   Next: 14%
Magic:  1/14       EV: 13    Int: 23    God:
Gold:   17         SH:  0    Dex: 13    Spells: 3 memorised, 7 levels left

rFire  . . .     SeeInvis .     i - +0 short sword
rCold  . . .     Clarity  .     a - +0 robe
rNeg   . . .     SustAb   .     (no shield)
rPois  .         Gourm    .     b - +0 hat
rElec  .         Spirit   .     (no cloak)
rCorr  .         Warding  .     l - +2 pair of gloves
rMut   .         Stasis   .     (no boots)
MR     .....                    (no amulet)
Stlth  ++........               (no ring)
                                (no ring)

@: very slightly contaminated, not resistant to hostile enchantments, unstealthy
A: no striking features
a: no special abilities


You were on level 2 of the Dungeon.
You were not hungry.

You visited 1 branch of the dungeon, and saw 2 of its levels.

You collected 17 gold pieces.

Inventory:

Hand weapons
 i - a +0 short sword (weapon)
Armour
 a - a +0 robe (worn)
 b - a +0 hat (worn)
 l - a +2 pair of gloves (worn)
Scrolls
 e - a scroll of random uselessness {unknown}
 f - 2 scrolls of identify {unknown}
 m - a scroll of remove curse {unknown}
 n - a scroll of amnesia {unknown}
Potions
 g - 2 potions of might {unknown}
 h - 2 potions of haste {unknown}
Books
 c - a book of Minor Magic

   Spells                             Type                      Level
   a - Magic Dart                     Conjuration                  1
   b - Blink                          Translocation                2
   c - Call Imp                       Summoning                    2
   d - Repel Missiles                 Charms/Air                   2
   e - Slow                           Hexes                        2
   f - Conjure Flame                  Conjuration/Fire             3
   g - Mephitic Cloud                 Conjuration/Poison/Air       3
Comestibles
 d - a bread ration
 j - a chunk of flesh
 k - a meat ration


   Skills:
 + Level 2.8 Dodging
 - Level 2.4 Stealth
 * Level 5.1 Spellcasting
 * Level 2.2 Conjurations
 - Level 1.1 Summonings
 - Level 1.1 Translocations


You had 7 spell levels left.
You knew the following spells:

 Your Spells              Type           Power        Failure   Level  Hunger
a - Magic Dart            Conj           ###.         3%          1    None
c - Call Imp              Summ           ##......     12%         2    None
d - Blink                 Tloc           N/A          12%         2    None


Dungeon Overview and Level Annotations

Branches:
Dungeon (2/15)

Altars:


Message History

Your crimson imp dies!
You swap places.
What do you say? t - Shout!
Orders for allies: a - Attack new target. r - Retreat! s - Stop attacking. w - Wait here. f - Follow me.
Anything else - Stay silent.
Gang up on whom?
Press: ? - help, Dir - move target cursor, f - gnoll
Aim: a gnoll, wielding a halberd (heavily wounded) Attack!
You hear a shout!
The gnoll barely misses your crimson imp.
Your crimson imp blinks!
The bat barely misses you.
Your crimson imp hits the gnoll.
The bat hits you.
The gnoll hits you from afar with a halberd!
Ouch! That really hurt!
You die...

### #.. #.# #.# ...
#b# #.# ##@# ###..##
####### ≈≈ #...g.#
#.....#
≈..##.....#####.....#
........5...........#
...##.....#####.....#
## #..5).# #.....#
#.#.#.# ####### .
#.#...#


You could see a gnoll, a bat and 2 friendly crimson imps.

Vanquished Creatures
  3 goblins
  2 hobgoblins (D:1)
  An ooze (D:1)
  2 giant cockroaches (D:1)
  2 giant newts (D:1)
  4 kobolds
  4 rats (D:1)
18 creatures vanquished.

Vanquished Creatures (collateral kills)
  3 gnolls (D:2)
3 creatures vanquished.

Vanquished Creatures (others)
  A crimson imp (D:2)
  A white imp (D:2)
2 creatures vanquished.

Grand Total: 23 creatures vanquished

Notes
Turn   | Place    | Note
--------------------------------------------------------------
     0 | D:1      | faibistes, the Deep Elf Wizard, began the quest for the Orb.
     0 | D:1      | Reached XP level 1. HP: 10/10 MP: 6/6
  1190 | D:1      | Reached XP level 2. HP: 15/15 MP: 2/10
  1194 | D:1      | Learned a level 2 spell: Blink
  1197 | D:1      | Learned a level 2 spell: Call Imp
  1488 | D:2      | Reached skill level 5 in Spellcasting
  1545 | D:2      | Reached XP level 3. HP: 7/19 MP: 6/14
  1569 | D:2      | Slain by a gnoll

Action                   || total
-------------------------++-------
Melee: Short sword       ||     4
       Unarmed           ||     1
 Cast: Magic Dart        ||    45
       Call Imp          ||     7
  Eat: Chunk             ||     2
